 Dungeon Crawl Stone Soup version 0.22.1-1-ga44c0e5 (webtiles) character file.

13588 toffzen the Fighter (level 11, -3/97 HPs)
             Began as a Black Draconian Ice Elementalist on Sept 23, 2018.
             Was a High Priest of Sif Muna.
             Slain by a jumping spider (20 damage)
             ... on level 4 of the Lair of Beasts.
             The game lasted 00:38:14 (16533 turns).

toffzen the Fighter (DrIE)                         Turns: 16533, Time: 00:38:14

Health: -3/97      AC: 11    Str: 15    XL:     11   Next: 77%
Magic:  14/22      EV: 15    Int: 18    God:    Sif Muna [*****.]
Gold:   873        SH:  0    Dex: 13    Spells: 6/25 levels left

rFire    . . .     SeeInvis .   i - +1 spear (venom)
rCold    + . .     Gourm    .   (no shield)
rNeg     . . .     Faith    .   (armour unavailable)
rPois    .         Spirit   .   (helmet restricted)
rElec    +         Reflect  .   h - +2 cloak
rCorr    .         Harm     .   E - +0 pair of gloves
MR       .....                  (no boots)
Stlth    ++........             (no amulet)
HPRegen  0.26/turn              w - +3 ring of evasion
MPRegen  0.18/turn              D - ring of protection from cold

@: mighty, divine energy
A: breathe lightning, unfitting armour, electricity resistance, cold-blooded, AC
+7
a: Breathe Lightning, Stop Divine Energy, Channel Magic, Forget Spell, Renounce
Religion


You were on level 4 of the Lair of Beasts.
You worshipped Sif Muna.
Sif Muna was extremely pleased with you.
You were not hungry.

You visited 2 branches of the dungeon, and saw 14 of its levels.

You collected 873 gold pieces.

Inventory:

Hand Weapons
 g - a +1 short sword of protection
 i - a +1 spear of venom (weapon)
 t - a +0 vampiric spear
 v - a +0 trident
 y - a +0 blowgun
 B - a cursed -3 spear
Missiles
 a - 235 stones (quivered)
Armour
 h - a +2 cloak (worn)
 E - a +0 pair of gloves (worn)
 H - a +0 buckler
Jewellery
 w - a +3 ring of evasion (left hand)
 C - an uncursed ring of resist corrosion
 D - a ring of protection from cold (right hand)
 I - an uncursed ring of protection from cold
Wands
 F - a wand of scattershot (7)
Scrolls
 c - 2 scrolls of amnesia
 f - 7 scrolls of remove curse
 j - a scroll of enchant weapon {unknown}
 m - 3 scrolls of enchant armour
 n - a scroll of noise {unknown}
 p - a scroll of immolation {unknown}
 u - 10 scrolls of teleportation
 z - 2 scrolls of blinking {unknown}
 A - a scroll of fog {unknown}
 J - a scroll of magic mapping {unknown}
 K - a scroll of random uselessness {unknown}
 L - a scroll of fear {unknown}
Potions
 d - 2 potions of brilliance
 l - 3 potions of agility
 o - 4 potions of cancellation
 q - 3 potions of might
 r - 6 potions of flight
 s - 2 potions of haste
 x - 3 potions of mutation
Miscellaneous
 M - a sack of spiders
Comestibles
 b - 19 rations
 G - 4 chunks of flesh


   Skills:
 + Level 9.4 Fighting
 + Level 6.6 Polearms
 - Level 1.7 Dodging
 - Level 1.7 Stealth
 - Level 7.5 Spellcasting
 + Level 8.4 Conjurations
 - Level 6.2 Summonings
 * Level 5.2 Fire Magic
 - Level 7.6 Ice Magic


You had 6 spell levels left.
You knew the following spells:

 Your Spells              Type           Power        Failure   Level  Hunger
a - Freeze                Ice            ####         1%          1    None
b - Throw Frost           Conj/Ice       #####.       1%          2    None
c - Summon Ice Beast      Ice/Summ       ####....     6%          4    ###....
d - Iskenderun's Mystic   Conj           #####...     3%          4    ###....
e - Conjure Flame         Conj/Fire      ####....     1%          3    #......
f - Fireball              Conj/Fire      ####......   17%         5    #####..

Your spell library contained the following spells:

 Spells                   Type           Power        Failure   Level  Hunger
 Flame Tongue             Conj/Fire      ####.        1%          1    None
 Magic Dart               Conj           ####         1%          1    None
 Summon Small Mammal      Summ           ####         1%          1    None
 Searing Ray              Conj           #####.       1%          2    None
 Throw Flame              Conj/Fire      ####..       1%          2    None
 Ensorcelled Hibernation  Hex/Ice        ###...       3%          2    None
 Throw Icicle             Conj/Ice       #####...     3%          4    ###....
 Dazzling Spray           Conj/Hex       ###...       5%          3    #......
 Ozocubu's Armour         Chrm/Ice       ###.....     6%          3    #......
 Sticky Flame             Conj/Fire      ####....     6%          4    ###....
 Recall                   Summ/Tloc      N/A          9%          3    #......
 Mephitic Cloud           Conj/Pois/Air  ###.....     10%         3    #......
 Animate Skeleton         Necr           N/A          11%         1    None
 Apportation              Tloc           #.....       11%         1    None
 Confusing Touch          Hex            #.....       11%         1    None
 Corona                   Hex            #......      11%         1    None
 Sandblast                Erth           #.....       11%         1    None
 Inner Flame              Hex/Fire       ###.....     11%         3    #......
 Force Lance              Conj/Tloc      ###.....     19%         4    ###....
 Fulminant Prism          Conj/Hex       ###.......   19%         4    ###....
 Confuse                  Hex            #.......     30%         3    #......
 Lesser Beckoning         Tloc           #.........   30%         3    #......
 Portal Projectile        Hex/Tloc       #.....       30%         3    #......
 Tukima's Dance           Hex            #.......     30%         3    #......
 Summon Forest            Summ/Tloc      ###.......   61%         5    #####..
 Leda's Liquefaction      Hex/Erth       #.........   71%         4    ###....
 Passage of Golubria      Tloc           N/A          71%         4    ###....
 Iron Shot                Conj/Erth      ###.......   95%         6    ######.
 Malign Gateway           Summ/Tloc      ###.......   100%        7    #######


Dungeon Overview and Level Annotations

Branches:
Dungeon (10/15)            Temple (0/1) D:6            Lair (4/6) D:8
  Swamp: Lair:2-4    Shoals: Lair:2-4     Snake: Lair:2-4    Spider: Lair:2-4
    Orc: D:9-12

Altars:
Ashenzari
Dithmenos
Hepliaklqana
Makhleb
Ru
Sif Muna
Uskayaw
Zin

Shops:
D:5 }   D:7 *   D:8 =   D:9 =


Innate Abilities, Weirdness & Mutations

You can breathe wild blasts of lightning.
Your glossy black scales are hard. (AC +7)
You cannot fit into any form of body armour.
You are resistant to electric shocks. (rElec)
You are cold-blooded and may be slowed by cold attacks.


Message History

The jumping spider pounces on you.
* * * LOW HITPOINT WARNING * * *
The jumping spider bites you but does no damage.
You feel better.
The jumping spider completely misses you.
The jumping spider bites you but does no damage.
You feel very mighty all of a sudden.
The jumping spider pounces on you but does no damage.
The jumping spider bites you but does no damage.
The jumping spider leaps!
You are too injured to fight recklessly!
You are too injured to fight recklessly!
The web tears apart.
The jumping spider leaps!
The jumping spider pounces on you!
* * * LOW HITPOINT WARNING * * *
You are caught in a web!
The jumping spider bites you.
* * * LOW HITPOINT WARNING * * *
Unknown command.
The web tears apart.
The jumping spider pounces on you!!
You die... ..>.. ≈≈≈# ..... #... ..... #ss

..... ##.# .....
##^## ## ......
#.#§#### #.# ......
##.#s#^###.#
........# ##s#.#.#.#.
.........##
#@###.#†#.#
........#.##
##.#...#.#
...........# #^....##
..........# ##†..##
.#.......## ##....#
.###......# ###.##..#
.###......#
##.#.#...#
..##.....##
##.#.#..###
...#..#...###......##


You could see 2 jumping spiders.

Vanquished Creatures
  A hydra (Lair:3)
  5 spiny frogs
  A gargoyle (D:10)
  2 komodo dragons (Lair:2)
  A queen bee (Lair:3)
  A jumping spider (Lair:4)
  5 hippogriffs
  2 blink frogs (Lair:2)
  A wyvern (Lair:4)
  5 yaks
  3 redbacks (Lair:4)
  A hungry ghost (D:7)
  2 water moccasins
  A porcupine (Lair:4)
  A black bear (D:7)
  A necrophage (D:10)
  A sky beast (D:7)
  An ice beast (D:8)
  3 ogres
  6 wolves
  4 centaurs
  9 bullfrogs
  A wyvern skeleton (D:8)
  3 scorpions
  14 killer bees
  8 wights
  2 electric eels (Lair:3)
  A howler monkey (D:10)
  A bullfrog zombie (D:7)
  6 crimson imps
  5 hounds
  5 orc priests
  A centaur skeleton (D:7)
  A gnoll shaman (D:7)
  2 bullfrog skeletons
  2 iguanas
  6 orc wizards
  6 worker ants
  2 hound zombies
  A howler monkey skeleton (D:6)
  2 worker ant zombies (D:5)
  A gnoll (D:7)
  7 adders
  3 shadow imps
  2 adder skeletons
  2 worms
  4 dart slugs
  12 leopard geckos
  20 orcs
  4 ball pythons
  7 bats
  4 goblins
  2 hobgoblins (D:1)
  4 jackals (D:5)
  7 kobolds
  8 quokkas
  4 frilled lizards
  A quokka zombie (D:6)
  5 rats
223 creatures vanquished.

Vanquished Creatures (collateral kills)
  A hydra (Lair:1)
  Harold (D:7)
  A two-headed ogre (D:10)
  A centaur skeleton (D:10)
  3 spiny frogs
  A rime drake (Lair:4)
  2 blink frogs
  A hippogriff (Lair:2)
  3 yaks (Lair:1)
  A basilisk (Lair:2)
  A hungry ghost (D:8)
  A water moccasin (Lair:3)
  2 porcupines (Lair:1)
  A wolf (Lair:3)
  A crocodile (Lair:1)
  2 bullfrogs
  2 wights
  9 killer bees (Lair:3)
  A bullfrog skeleton (D:7)
  4 gnolls (D:7)
39 creatures vanquished.

Vanquished Creatures (others)
  2 fungi (Lair:3)
2 creatures vanquished.

Grand Total: 264 creatures vanquished

Notes
Turn   | Place    | Note
-------+----------+-------------------------------------------
     0 | D:1      | toffzen the Draconian Ice Elementalist began the quest for
                  | the Orb.
     0 | D:1      | Reached XP level 1. HP: 14/14 MP: 3/3
   290 | D:1      | Reached XP level 2. HP: 22/22 MP: 0/5
   371 | D:1      | Learned a level 2 spell: Throw Frost
   884 | D:2      | Reached skill level 1 in Fighting
   885 | D:2      | Noticed a scorpion
  1316 | D:2      | Reached XP level 3. HP: 28/28 MP: 0/6
  1404 | D:2      | Found a deep blue altar of Sif Muna.
  1407 | D:2      | Became a worshipper of Sif Muna the Loreminder
  2069 | D:3      | Killed a scorpion
  2069 | D:3      | Reached skill level 2 in Fighting
  2069 | D:3      | Reached XP level 4. HP: 31/36 MP: 3/8
  2461 | D:3      | Reached XP level 5. HP: 40/42 MP: 2/9
  2705 | D:4      | Reached * piety under Sif Muna
  2712 | D:4      | Reached skill level 5 in Ice Magic
  3018 | D:4      | Reached skill level 3 in Fighting
  3018 | D:4      | Reached XP level 6. HP: 41/51 MP: 6/11
  3272 | D:4      | Learned a level 4 spell: Summon Ice Beast
  3479 | D:5      | Entered Level 5 of the Dungeon
  3507 | D:5      | Found Gesk's Gadget Boutique.
  3606 | D:5      | Reached skill level 1 in Summonings
  3843 | D:5      | Reached ** piety under Sif Muna
  3843 | D:5      | Your scales start taking on a glossy black colour.
  3843 | D:5      | Reached XP level 7. HP: 39/58 MP: 6/12
  3843 | D:5      | Gained mutation: You are resistant to electric shocks.
                  | (rElec) [Black Draconian growth]
  4172 | D:5      | Found a sacrificial altar of Ru.
  4554 | D:6      | Found a staircase to the Ecumenical Temple.
  4647 | D:5      | Reached skill level 4 in Fighting
  5007 | D:6      | Found a shadowy altar of Dithmenos.
  5021 | D:6      | Found a glowing drain.
  5376 | D:6      | Reached XP level 8. HP: 65/67 MP: 11/14
  5718 | D:7      | Reached skill level 5 in Fighting
  5920 | D:7      | Reached skill level 5 in Summonings
  5945 | D:7      | Reached *** piety under Sif Muna
  5962 | D:7      | Reached skill level 5 in Spellcasting
  6078 | D:7      | Noticed Harold
  6091 | D:7      | Killed Harold
  6091 | D:7      | Reached XP level 9. HP: 52/75 MP: 1/17
  6341 | D:7      | Found Noshium's Assorted Antiques.
  6392 | D:7      | Found a shattered altar of Ashenzari.
  6615 | D:8      | Found Pemealec's Jewellery Emporium.
  6994 | D:8      | Found a burning altar of Makhleb.
  6995 | D:8      | Found a glowing silver altar of Zin.
  6995 | D:8      | Found a shattered altar of Ashenzari.
  7000 | D:8      | Found a hazy altar of Hepliaklqana.
  7009 | D:8      | Reached skill level 6 in Fighting
  7318 | D:8      | Reached skill level 1 in Polearms
  7763 | D:8      | Found a staircase to the Lair.
  8249 | D:9      | Found Hidghewa's Jewellery Shop.
  8334 | D:9      | Reached **** piety under Sif Muna
  9166 | D:9      | Reached skill level 7 in Fighting
  9367 | D:9      | Learned a level 4 spell: Iskenderun's Mystic Blast
  9380 | D:9      | Found Wivuhyng's Antique Armour Boutique.
  9448 | D:10     | Entered Level 10 of the Dungeon
  9481 | D:10     | Reached XP level 10. HP: 85/86 MP: 8/19
  9598 | D:10     | Noticed a two-headed ogre
  9614 | D:10     | Killed a two-headed ogre
  9809 | D:10     | Reached skill level 5 in Conjurations
 10017 | D:10     | Noticed a gargoyle
 10027 | D:10     | Killed a gargoyle
 10207 | Lair:1   | Entered Level 1 of the Lair of Beasts
 10540 | Lair:1   | Noticed a four-headed hydra
 10572 | Lair:1   | Killed a four-headed hydra
 10587 | Lair:1   | Reached skill level 8 in Fighting
 10916 | Lair:1   | Identified Giequn's Almanac of Dislocation and
                  | Confrontation
 11010 | Lair:1   | Reached ***** piety under Sif Muna
 11014 | Lair:1   | Noticed a spiny frog
 11046 | Lair:1   | Killed a spiny frog
 11046 | Lair:1   | Reached skill level 5 in Polearms
 11198 | Lair:1   | Noticed a spiny frog
 11204 | Lair:1   | Identified Sif Muna's Collected Works on the Warped
                  | Mountains (Sif Muna gifted it to you on level 1 of the Lair
                  | of Beasts)
 11204 | Lair:1   | Received a gift from Sif Muna
 11223 | Lair:1   | Killed a spiny frog
 11669 | Lair:2   | Noticed a spiny frog
 11696 | Lair:2   | Killed a spiny frog
 11696 | Lair:2   | Reached XP level 11. HP: 64/95 MP: 13/22
 11867 | Lair:2   | Found a labyrinth entrance.
 12493 | Lair:2   | Learned a level 3 spell: Conjure Flame
 12862 | Lair:3   | Reached skill level 1 in Fire Magic
 13810 | Lair:3   | Noticed an eight-headed hydra
 14805 | Lair:3   | Killed an eight-headed hydra
 14805 | Lair:3   | Reached skill level 9 in Fighting
 15255 | Lair:3   | Learned a level 5 spell: Fireball
 15255 | Lair:3   | Found a hide-covered altar of Uskayaw.
 16075 | Lair:4   | Found a glowing silver altar of Zin.
 16459 | Lair:4   | Reached skill level 5 in Fire Magic
 16533 | Lair:4   | Slain by a jumping spider

Skill      XL: |  1  2  3  4  5  6  7  8  9 10 11 |
---------------+----------------------------------+-----
Fighting       | 1 2 3 4 5 7 8 9 |  9.4
Ice Magic      | 4 5 6 7 |  7.6
Spellcasting   | 3 4 5 6 7 |  7.5
Summonings     | 2 3 6 |  6.2
Polearms       | 3 5 6 |  6.6
Conjurations   | 4 7 8 |  8.4
Fire Magic     | 5 |  5.2
Dodging        | |  1.7
Stealth        | |  1.7

Action                   |  1- 3 |  4- 6 |  7- 9 | 10-12 || total
-------------------------+-------+-------+-------+-------++-------
Melee: Dagger            |     7 |       |       |       ||     7
       Spear             |     3 |    53 |   249 |   301 ||   606
       Tailslap          |       |     9 |    15 |    21 ||    45
 Cast: Freeze            |    65 |    80 |   110 |   127 ||   382
       Throw Frost       |     2 |     3 |    27 |    22 ||    54
       Summon Ice Beast  |       |       |    21 |    54 ||    75
       Iskenderun's Myst |       |       |       |    18 ||    18
       Conjure Flame     |       |       |       |     2 ||     2
Invok: Divine Energy     |       |     1 |     1 |       ||     2
       Stop Divine Energ |       |       |     1 |       ||     1
 Abil: Breathe Lightning |       |       |     1 |       ||     1
Evoke: Wand              |       |       |    15 |       ||    15
  Use: Scroll            |     4 |     4 |     5 |     3 ||    16
       Potion            |       |       |       |     7 ||     7
 Stab: Sleeping          |       |     1 |     5 |     2 ||     8
       Distracted        |       |       |     3 |     1 ||     4
  Eat: Chunk             |     4 |     6 |     7 |    14 ||    31
       Ration            |       |       |     5 |     5 ||    10
Armor: Skin              |    23 |    40 |    79 |   130 ||   272
Dodge: Dodged            |    33 |    59 |   201 |   334 ||   627
